 Dungeon Crawl Stone Soup version 0.21-a0-94-gdd6ab6a (webtiles) character file.

134 hairmachine the Archer (level 4, 0/36 HPs)
             Began as a Centaur Hunter on July 1, 2017.
             Slain by an iguana (5 damage)
             ... on level 4 of the Dungeon.
             The game lasted 00:10:15 (3071 turns).

hairmachine the Archer (Centaur Hunter)             Turns: 3071, Time: 00:10:15

Health: 0/36       AC:  6    Str: 14    XL:     4   Next: 95%
Magic:  4/4        EV:  7    Int: 10    God:
Gold:   98         SH:  0    Dex: 11    Spells: 3/3 levels left

rFire    . . .     SeeInvis .   a - +1 shortbow
rCold    . . .     Gourm    .   (shield currently unavailable)
rNeg     . . .     Faith    .   v - +0 scale mail
rPois    .         Spirit   .   (no helmet)
rElec    .         Reflect  .   (no cloak)
rCorr    .         Harm     .   (no gloves)
MR       .....                  (no barding)
Stlth    ..........             (no amulet)
HPRegen  0.12/turn              (no ring)
MPRegen  0.09/turn              (no ring)

@: very quick
A: hooves 3, deformed body, speed 2, tough skin 3
a: no special abilities


You were on level 4 of the Dungeon.
You were not hungry.

You visited 1 branch of the dungeon, and saw 5 of its levels.

You collected 98 gold pieces.

Inventory:

Hand Weapons
 a - a +1 shortbow (weapon)
 c - a +2 short sword of draining
 s - a +0 spear
Missiles
 d - 10 arrows (quivered)
 o - a throwing net
Armour
 v - a +0 scale mail (worn)
Scrolls
 e - 2 scrolls of identify
 h - 2 scrolls of teleportation {unknown}
 j - a scroll of fear {unknown}
 m - a scroll of enchant armour {unknown}
 p - 2 scrolls of enchant weapon {unknown}
 u - a scroll of remove curse {unknown}
Potions
 g - a potion of brilliance {unknown}
 i - a potion of cancellation {unknown}
 k - a potion of curing {unknown}
 l - a potion of haste {unknown}
 r - 2 potions of heal wounds {unknown}
 t - a potion of magic {unknown}
 w - a potion of might {unknown}
Comestibles
 b - 6 fruits
 f - 2 bread rations
 n - a royal jelly
 q - 2 chunks of flesh


   Skills:
 + Level 2.0 Fighting
 + Level 8.3 Bows
 - Level 1.3 Dodging
 - Level 0.4 Stealth


You had 3 spell levels left.
You didn't know any spells.

Dungeon Overview and Level Annotations

Branches:
Dungeon (5/15)
 Temple: D:4-7

Altars:
Sif Muna

Annotations:
D:3 Sigmund


Innate Abilities, Weirdness & Mutations

You have hooves in place of feet.
Armour fits poorly on your strangely shaped body.
You cover ground very quickly.
You have extremely tough skin. (AC +3)


Message History

You are no longer poisoned.
There is a stone staircase leading up here.
Attack whom?
Press: ? - help, Dir - move target cursor, f/p - worker ant
Aim: a worker ant (heavily wounded)
You reach to attack!
You hit the worker ant.
The worker ant is heavily wounded.
Things that are here:
a short sword; a dagger; a robe Wield which item (- for none, * to show all)? (? for menu, Esc to quit)
a - a +1 shortbow (weapon)
An adder comes into view.
The adder hisses angrily.
The adder bites you but does no damage.
The iguana hisses angrily.
The iguana bites you!
* * * LOW HITPOINT WARNING * * *
The orc shouts!
The iguana bites you.
You die...

#.#
#......###a.##.#
a.+
#..............#
#.#
..............#
..#
.l............#
###
##..........#
#..S.......#
#..........#
#...l<.....#
#..@.....%.#
#..........#
#..........#
#..........#
#.......o....
#.............
#########.....
h.


You could see an iguana, a hound (wandering), an adder and an orc.

Vanquished Creatures
  An orc wizard (D:4)
  4 adders
  A worm (D:2)
  3 dart slugs
  A leopard gecko (D:2)
  7 orcs
  A ball python (D:2)
  5 bats
  A giant cockroach (D:2)
  5 goblins
  6 hobgoblins (D:1)
  4 kobolds
  2 quokkas (D:2)
  5 frilled lizards
  6 rats
  A bush (D:1)
53 creatures vanquished.

Notes
Turn   | Place    | Note
-------+----------+-------------------------------------------
     0 | D:1      | hairmachine the Centaur Hunter began the quest for the Orb.
     0 | D:1      | Reached XP level 1. HP: 17/17 MP: 1/1
   170 | D:1      | Reached XP level 2. HP: 20/24 MP: 2/2
   312 | D:1      | Reached skill level 6 in Bows
  1256 | D:2      | Reached XP level 3. HP: 29/29 MP: 3/3
  1430 | D:2      | Reached skill level 7 in Bows
  1763 | D:2      | Found a deep blue altar of Sif Muna.
  2222 | D:2      | Reached XP level 4. HP: 32/36 MP: 4/4
  2538 | D:3      | Noticed Sigmund
  2640 | D:3      | You fall through a shaft for 2 floors!
  2640 | D:5      | Entered Level 5 of the Dungeon
  2789 | D:4      | Reached skill level 8 in Bows
  3071 | D:4      | Slain by an iguana

Vault maps used:
D:1:      dpeg_arrival_simpleton_c, serial_forest, infiniplex_forest_lined_2,
          infiniplex_forest_lined_room_3, infiniplex_forest_fountain,
          infiniplex_forest_diagonal, infiniplex_forest_side_room,
          infiniplex_forest_corner_1, infiniplex_forest_clump_long,
          infiniplex_forest_zigzag_1
D:2:      lemuel_blue_sif_altar, first_bread
D:3:      uniq_natasha, uniq_sigmund
D:4:      uniq_blork_the_orc
D:5:      marbit_many_paths

Skill      XL: |  1  2  3  4 |
---------------+-------------+-----
Bows           | 6 7 8 |  8.3
Fighting       | |  2.0
Dodging        | |  1.3
Stealth        | |  0.4

Action                   |  1- 3 |  4- 6 || total
-------------------------+-------+-------++-------
Melee: Short sword       |   150 |    13 ||   163
       Kick              |    47 |     5 ||    52
       Spear             |     5 |    27 ||    32
 Fire: Shortbow          |    55 |    16 ||    71
  Use: Scroll            |       |     2 ||     2
  Eat: Chunk             |     3 |     2 ||     5
Armor: Ring mail         |    45 |     8 ||    53
       Scale mail        |       |     4 ||     4
Dodge: Dodged            |    34 |     4 ||    38
